 Dungeon Crawl Stone Soup version 0.27-a0-277-g024f7ef292 (webtiles) character file.

Game seed: 6763009485990575580

13505 Borgoz the Grappler (level 12, -2/107 HPs)
             Began as a Ghoul Gladiator on Feb 5, 2021.
             Was a High Priest of Okawaru.
             Slain by a boulder beetle (18 damage)
             ... on level 12 of the Dungeon.
             The game lasted 00:18:21 (14298 turns).

Borgoz the Grappler (Ghoul Gladiator)              Turns: 14298, Time: 00:18:22

Health: -2/107     AC: 27    Str: 19    XL:     12   Next: 6%
Magic:  0/14       EV: 14    Int:  3    God:    Okawaru [*****.]
Gold:   858        SH:  0    Dex: 20    Spells: 11/11 levels left

rFire    + . .     SeeInvis .     - Unarmed
rCold    + + .     Faith    .   (no shield)
rNeg     + + +     Spirit   +   C - +13 chain mail "Badytig" {+Blink rElec rC+ rN+}
rPois    ∞         Reflect  .   d - +2 helmet
rElec    +         Harm     .   (no cloak)
rCorr    .         Rampage  .   (no gloves)
Will     .....                  (no boots)
Stlth    ..........             k - amulet of guardian spirit
HPRegen  0.00/turn              e - +6 ring of dexterity
MPRegen  0.14/turn              b - ring of protection from fire

@: no status effects
A: claws 1, cold resistance 1, negative energy resistance 3, inhibited
regeneration, torment resistance, unbreathing
a: Renounce Religion, Evoke Blink, Heroism, Finesse


You were on level 12 of the Dungeon.
You worshipped Okawaru.
Okawaru was extremely pleased with you.
You visited 2 branches of the dungeon, and saw 13 of its levels.
You also visited: Sewer.

You collected 858 gold pieces.

Inventory:

Missiles
 c - 5 throwing nets (quivered)
Armour
 d - a +2 helmet (worn)
 q - a +0 troll leather armour {Purgy}
 C - the +13 chain mail "Badytig" (worn) {+Blink rElec rC+ rN+}
   (You found it on level 11 of the Dungeon)

   It protects you from cold.
   It insulates you from electricity.
   It protects you from negative energy.
   It lets you blink.
Jewellery
 a - an uncursed amulet of regeneration
 b - a ring of protection from fire (right claw)
 e - a +6 ring of dexterity (left claw)
 k - an amulet of guardian spirit (around neck)
 w - an uncursed ring of flight
Wands
 j - a wand of digging (6)
 m - a wand of paralysis (10)
 x - a wand of flame (39)
 B - a wand of iceblast (17)
 D - a wand of charming (10)
Scrolls
 f - 8 scrolls of teleportation
 h - 5 scrolls of remove curse
 i - a scroll of identify
 l - 3 scrolls of magic mapping
 p - 4 scrolls of enchant weapon
 y - 3 scrolls of blinking
Potions
 g - a potion of brilliance
 n - 3 potions of might
 o - a potion of cancellation
 r - 6 potions of flight
 s - a potion of magic
 t - a potion of curing
 u - a potion of ambrosia
 v - a potion of haste
 z - a potion of heal wounds


   Skills:
 + Level 10.4 Fighting
 - Level 1.7 Throwing
 + Level 8.5 Armour
 + Level 9.0 Dodging
 + Level 10.6 Unarmed Combat
 - Level 5.0 Invocations


You had 11 spell levels left.
You didn't know any spells.
Your spell library contained the following spells:

 Spells                   Type           Power        Failure   Level
 Corona                   Hex            0%           99%         1
 Ensorcelled Hibernation  Hex/Ice        0%           100%        2
 Confusing Touch          Hex            0%           100%        3
 Dazzling Flash           Conj/Hex       0%           100%        3
 Tukima's Dance           Hex            0%           100%        3


Dungeon Overview and Level Annotations

Branches:
Dungeon (12/15)            Temple (1/1) D:6            Lair (0/6) D:11
    Orc (0/2) D:9           Sewer (visited)

Altars:
Ashenzari
Cheibriados
Dithmenos
Elyvilon
Fedhas
Gozag
Hepliaklqana
Kikubaaqudgha
Makhleb
Nemelex Xobeh
Okawaru
Qazlal
Ru
Sif Muna
Trog
Uskayaw
Vehumet
Wu Jian
Xom
Yredelemnul
Zin
The Shining One
Lugonu

Shops:
D:11 *=

Annotations:
D:12 1 runed translucent door


Innate Abilities, Weirdness & Mutations

You thrive by killing the living.
You are immune to poison.
You have sharp fingernails.
Your flesh is cold resistant. (rC+)
You are immune to negative energy. (rN+++)
You do not regenerate when monsters are visible.
You are immune to unholy pain and torment.
You can survive without breathing.


Message History

The red ugly thing engulfs you but does no damage.
The boulder beetle closely misses you.
You claw the red ugly thing!
You kill the red ugly thing!
Okawaru accepts your kill. Something appears at your feet!
Okawaru grants you armour!
You scratch the boulder beetle but do no damage.
You claw the boulder beetle, but do no damage.
The boulder beetle is lightly wounded.
The boulder beetle closely misses you.
You mangle the boulder beetle!!
The boulder beetle is moderately wounded.
The boulder beetle bites you.
* * * LOW HITPOINT WARNING * * *
You scratch the boulder beetle but do no damage.
The boulder beetle is moderately wounded.
You feel like a meek peon again. The boulder beetle bites you!!
You die... #..#.......# ##..........## ......#.....# ## #....... ..## #. #...........# #.##.....##....#. ##..'........Y.... #..$#...).@.......
TYJ# ##.#.#....†B.......
WBo #...........$......
OWo

##.#...(............
#+#
#................##.
#.###.#<.............+
#.##..#..............#
#.##..........#......+
#.#...##......######.#


You could see a boulder beetle and an ice beast.

Vanquished Creatures
  A two-headed ogre (D:11)
  2 ugly things
  2 cyclopes (D:12)
  4 trolls
  A hornet (D:10)
  Prince Ribbit (D:8)
  Sigmund (D:6)
  A wraith (D:11)
  A wyvern (D:10)
  15 yaks
  Edmund (D:6)
  A water moccasin (D:9)
  The ghost of WasteTime5 the Skirmisher, an amateur OgMo (D:4)
  3 sky beasts
  Purgy (Sewer)
  3 ice beasts
  3 orc warriors
  3 necrophages
  9 ogres
  4 wolves (D:11)
  4 centaurs
  3 phantoms
  A big kobold (D:10)
  9 bullfrogs
  A wyvern zombie (D:7)
  A water moccasin zombie (D:7)
  3 scorpions
  10 wights
  16 killer bees
  A howler monkey (D:6)
  2 electric eels (D:11)
  A bullfrog zombie (D:7)
  2 centaur zombies
  4 jellies
  4 orc priests
  4 bullfrog skeletons
  A gnoll shaman (D:8)
  13 hounds
  4 iguanas
  2 centaur skeletons
  12 orc wizards
  12 worker ants
  A hound zombie (D:5)
  2 hound skeletons
  A mummy (D:12)
  A howler monkey zombie (D:5)
  8 gnolls
  A howler monkey skeleton (D:8)
  16 adders
  A river rat (D:4)
  3 white imps
  2 ufetubi
  An adder skeleton (D:8)
  An adder zombie (D:5)
  4 worms
  4 dart slugs
  3 leopard geckos
  24 orcs
  8 bats
  5 giant cockroaches
  8 goblins
  12 hobgoblins
  6 jackals
  5 quokkas
  7 ball pythons
  5 frilled lizards
  11 kobolds
  7 rats
315 creatures vanquished.

Vanquished Creatures (others)
  3 plants (D:6)
  7 withered plants (D:12)
10 creatures vanquished.

Grand Total: 325 creatures vanquished

Notes
Turn   | Place    | Note
-------+----------+-------------------------------------------
     0 | D:1      | Borgoz the Ghoul Gladiator began the quest for the Orb.
     0 | D:1      | Reached XP level 1. HP: 17/17 MP: 0/0
    71 | D:1      | Reached XP level 2. HP: 8/25 MP: 1/1
   697 | D:1      | Reached XP level 3. HP: 30/30 MP: 2/2
   716 | D:1      | Reached skill level 1 in Armour
  1374 | D:2      | Reached XP level 4. HP: 11/38 MP: 3/3
  2648 | D:3      | Noticed a +0 dagger
  2649 | D:3      | Found a hide-covered altar of Uskayaw.
  2650 | D:3      | Noticed a +0 hand axe
  2864 | D:3      | Reached XP level 5. HP: 44/45 MP: 4/4
  3347 | D:4      | Reached XP level 6. HP: 17/52 MP: 5/5
  3399 | D:4      | Found a glowing drain.
  3423 | Sewer    | Entered a sewer
  3549 | Sewer    | Noticed Purgy
  3582 | Sewer    | Killed Purgy
  4219 | D:4      | Found a transporter.
  4219 | D:4      | Found a transporter.
  4219 | D:4      | Noticed WasteTime5's ghost (amateur OgMo)
  4307 | D:4      | Reached skill level 5 in Unarmed Combat
  4307 | D:4      | Reached XP level 7. HP: 60/60 MP: 6/6
  4309 | D:4      | Found an ancient bone altar of Kikubaaqudgha.
  4524 | D:4      | Found a shadowy altar of Dithmenos.
  4564 | D:4      | Found a radiant altar of Vehumet.
  4745 | D:4      | Found a bloodstained altar of Trog.
  5177 | D:5      | Entered Level 5 of the Dungeon
  5956 | D:6      | Reached skill level 5 in Fighting
  6011 | D:6      | Noticed Sigmund
  6016 | D:6      | Reached XP level 8. HP: 44/68 MP: 7/7
  6180 | D:6      | Reached skill level 5 in Dodging
  6288 | D:7      | Noticed a yak
  6532 | D:6      | Found a staircase to the Ecumenical Temple.
  6541 | Temple   | Entered the Ecumenical Temple
  6599 | Temple   | Became a worshipper of Warmaster Okawaru
  6782 | D:6      | Noticed Edmund
  6794 | D:6      | Killed Edmund
  7026 | D:6      | Reached skill level 1 in Invocations
  7029 | D:6      | Killed a yak
  7046 | D:6      | Reached XP level 9. HP: 19/77 MP: 2/9
  7672 | D:6      | Killed Sigmund
  7672 | D:6      | Reached * piety under Okawaru
  8029 | D:7      | Reached skill level 5 in Armour
  8162 | D:7      | Reached ** piety under Okawaru
  8535 | D:7      | Found a shimmering altar of Xom.
  8826 | D:7      | Reached XP level 10. HP: 79/86 MP: 9/12
  8854 | D:7      | Found a broken altar of Ashenzari.
  9386 | D:8      | Reached *** piety under Okawaru
  9890 | D:8      | Noticed Prince Ribbit
  9903 | D:8      | Killed Prince Ribbit
  9904 | D:8      | Reached skill level 5 in Invocations
 10749 | D:9      | Found a broken altar of Ashenzari.
 10867 | D:9      | Found a white marble altar of Elyvilon.
 10867 | D:9      | Found a sacrificial altar of Ru.
 11031 | D:9      | Reached **** piety under Okawaru
 11086 | D:9      | Found a staircase to the Orcish Mines.
 11605 | D:4      | Killed WasteTime5's ghost
 11935 | D:10     | Entered Level 10 of the Dungeon
 12307 | D:10     | Reached XP level 11. HP: 82/95 MP: 8/13
 12800 | D:10     | Reached ***** piety under Okawaru
 12929 | D:11     | Got a bloodstained chain mail
 12930 | D:11     | Identified the +13 chain mail "Badytig" {+Blink rElec rC+
                  | rN+} (You found it on level 11 of the Dungeon)
 12952 | D:11     | Noticed a two-headed ogre
 12964 | D:11     | Killed a two-headed ogre
 13143 | D:11     | Found a staircase to the Lair.
 13263 | D:11     | Found Tobuz's Jewellery Shop.
 13296 | D:11     | Reached skill level 10 in Unarmed Combat
 13313 | D:11     | Received a gift from Okawaru
 13435 | D:11     | Found Ronoph's Demolitions Depot.
 13541 | D:11     | Found a sparkling altar of Nemelex Xobeh.
 13610 | D:11     | Noticed a green ugly thing
 13623 | D:11     | Killed a green ugly thing
 13624 | D:11     | Reached skill level 10 in Fighting
 13968 | D:12     | Found a corrupted altar of Lugonu.
 13968 | D:12     | Noticed a cyclops
 13983 | D:12     | Killed a cyclops
 14181 | D:12     | Found a runed translucent door.
 14181 | D:12     | Noticed an orc knight
 14187 | D:12     | Noticed a boulder beetle
 14187 | D:12     | Noticed a two-headed ogre
 14189 | D:12     | Noticed a catoblepas
 14205 | D:12     | Noticed a cyclops
 14223 | D:12     | Killed a cyclops
 14224 | D:12     | Reached XP level 12. HP: 85/106 MP: 10/14
 14264 | D:12     | Noticed a boulder beetle
 14295 | D:12     | Received a gift from Okawaru
 14298 | D:12     | Slain by a boulder beetle

Illustrated notes

Levels and vault maps discovered:
D:1:      lemuel_arrival_muddy, layout_loops_corners, minmay_tetromino_l4
D:2:      layout_loops_corners, grunt_ministairs_2, minmay_unequal
D:3:      layout_basic, dancing_weapons_uskayaw, guppyfry_early_lair_pool
D:4:      layout_layer_cave, nicolae_dithmenos_the_darkroom, lemuel_round_altar,
          fiery_altar_vehumet, gammafunk_ghost_arena, gup_sewer_entry_bubbles,
          minmay_misc_feat_enclosed, bloody_trog
D:5:      layout_basic
D:6:      layout_layer_cave, minmay_temple_entry_gardened_gates, uniq_edmund,
          uniq_sigmund
D:7:      minmay_s_stair_smasher, layout_loops_ring, xom_teletrap_fun,
          ashenzari_conservatory_becter, kennysheep_generic_room_8
D:8:      layout_layer_cave, uniq_prince_ribbit1
D:9:      layout_basic, gammafunk_temple_overflow_elements, erik_orc_3,
          cheibrodos_ashenzari_chains
D:10:     layout_roguey
D:11:     layout_stronghold, erik_lair_island, serial_shops, shop, basic_altar,
          nicolae_blasting_shop, chequers_jeans
D:12:     minmay_the_grid_triangle_9x9_rhombus_thin
          [minmay_the_grid_triangle_9x9_stretched_checkered,
          minmay_the_grid_triangle_9x9_prize_top_heavy,
          minmay_the_grid_triangle_9x9_dagger,
          minmay_the_grid_triangle_9x9_fully_insulated_deathbox], layout_basic,
          serial_undead, serial_undead_b, serial_undead_c, serial_undead_f,
          serial_undead_e, serial_undead_d, serial_undead_f, serial_undead_f,
          serial_undead_b, tgw_lugonu_bribe
Temple:   eino_temple_water

Skill      XL: |  1  2  3  4  5  6  7  8  9 10 11 12 |
---------------+-------------------------------------+-----
Dodging        | 3 4 5 6 7 8 9 |  9.0
Armour         | 1 2 3 4 5 7 8 |  8.5
Fighting       | 3 4 5 6 7 8 10 | 10.4
Unarmed Combat | 4 5 6 7 9 10 | 10.6
Invocations    | 1 4 5 |  5.0
Throwing       | |  1.7

Action                   |  1- 3 |  4- 6 |  7- 9 | 10-12 || total
-------------------------+-------+-------+-------+-------++-------
Melee: Unarmed           |   108 |   248 |   384 |   693 ||  1433
       Punch             |     1 |     6 |    14 |    53 ||    74
Throw: Throwing net      |       |       |     2 |       ||     2
Invok: Heroism           |       |       |       |     9 ||     9
  Use: Scroll            |       |     8 |     9 |     5 ||    22
       Potion            |       |     7 |     4 |       ||    11
 Stab: Sleeping          |       |     1 |       |     2 ||     3
       Invisible         |       |       |     5 |       ||     5
       Held in net/web   |       |       |     2 |       ||     2
       Distracted        |       |       |       |     1 ||     1
Armor: Leather armour    |    52 |    82 |       |       ||   134
       Troll leather arm |       |     7 |    93 |    90 ||   190
       Chain mail        |       |       |       |   131 ||   131
Dodge: Dodged            |   100 |   182 |   276 |   597 ||  1155

Table legend: (Time is in decaauts)
 A = Elapsed time spent in this place.
 B = Non-inter-level travel time spent in this place.
 C = Inter-level travel time spent in this place.
 D = Time resting spent in this place.
 E = Time spent auto-exploring this place.
 F = Levels seen in this place.
 G = Mean time per level.
                   A        B        C        D        E       F      G
               +--------+--------+--------+--------+--------+-----+--------+
         Total |  14183 |  13414 |    769 |   1544 |   9155 |  14 | 1013.1 |
       Dungeon |  13366 |  12617 |    749 |   1218 |   8919 |  12 | 1113.8 |
        Temple |    224 |    204 |     20 |      0 |    200 |   1 |  224.0 |
         Sewer |    592 |    592 |      0 |    326 |     36 |   1 |  592.0 |
               +--------+--------+--------+--------+--------+-----+--------+

Top non-repeatable levels by time:
     D:6: 1694 daAuts
     D:4: 1689 daAuts
     D:1: 1292 daAuts
     D:2: 1280 daAuts
     D:8: 1244 daAuts
     D:7: 1110 daAuts
     D:9: 1100 daAuts
     D:5: 1057 daAuts
    D:11: 1033 daAuts
    D:10: 908 daAuts
     D:3: 615 daAuts
   Sewer: 592 daAuts
    D:12: 339 daAuts
  Temple: 224 daAuts
